 Dungeon Crawl Stone Soup version 0.29.1-12-g30fa7ad0bf (webtiles) character file.

Game seed: 6616133484996788877

2103 Luthien the Destroyer (level 9, -1/55 HPs)
             Began as a Gargoyle Conjurer on Jan 8, 2023.
             Killed from afar by an acid dragon (34 damage)
             ... with a splash of acid
             ... on level 6 of the Dungeon.
             The game lasted 00:43:21 (8819 turns).

Luthien the Destroyer (Gargoyle Conjurer)           Turns: 8819, Time: 00:43:21

Health: -1/55      AC:  1    Str: 11    XL:     9   Next: 28%
Magic:  7/18       EV: 11    Int: 23    God:
Gold:   330        SH:  0    Dex:  8    Spells: 13/20 levels left

rFire   . . .      SeeInvis .   c - +2 short sword (venom)
rCold   . . .      Faith    .   (no shield)
rNeg    + . .      Spirit   .   j - +0 leather armour
rPois   ∞          Reflect  .   (no helmet)
rElec   +          Harm     .   (no cloak)
rCorr   .          Rampage  .   (no gloves)
Will    .....                   (no boots)
Stlth   ++........              q - amulet of regeneration
HPRegen 0.98/turn               (no ring)
MPRegen 0.16/turn               (no ring)

@: corroded
A: sickness immunity, AC +6, negative energy resistance 1, electricity
resistance, torment resistance 1, petrification resistance
a: no special abilities


You were on level 6 of the Dungeon.
You visited 1 branch of the dungeon, and saw 6 of its levels.

You collected 330 gold pieces.

Inventory:

Hand Weapons
 c - a +2 short sword of venom (weapon)
 d - a +0 club
 f - a +0 short sword
Missiles
 g - 45 stones
 i - 16 poisoned darts (quivered)
Armour
 a - a +0 robe
 j - a +0 leather armour (worn)
Jewellery
 q - an amulet of regeneration (around neck)
 A - a ring of positive energy
 E - an amulet of guardian spirit
Wands
 p - a wand of paralysis (7)
 F - a wand of roots (14)
Scrolls
 m - a scroll of butterflies
 n - 4 scrolls of enchant weapon
 o - a scroll of blinking {unknown}
 r - a scroll of teleportation {unknown}
 s - 2 scrolls of noise {unknown}
 t - 2 scrolls of poison {unknown}
 v - 2 scrolls of identify
 x - a scroll of immolation {unknown}
 y - a scroll of amnesia {unknown}
 B - a scroll of vulnerability {unknown}
 C - a scroll of silence {unknown}
 D - a scroll of summoning {unknown}
Potions
 b - a potion of magic
 e - 3 potions of cancellation
 h - 2 potions of heal wounds
 k - 2 potions of curing
 l - a potion of mutation
 u - a potion of lignification {unknown}
 w - 3 potions of attraction {unknown}
 z - a potion of degeneration {unknown}
 G - a potion of brilliance {unknown}


   Skills:
 - Level 5.8 Fighting
 - Level 2.0 Dodging
 - Level 3.0 Stealth
 + Level 6.0 Spellcasting
 + Level 8.1 Conjurations
 + Level 4.7 Hexes


You had 13 spell levels left.
You knew the following spells:

 Your Spells              Type           Power      Damage    Failure   Level
a - Magic Dart            Conj           100%       1d8       1%          1
b - Searing Ray           Conj           88%        2d7       1%          2
p - Fulminant Prism       Conj/Hex       18%        3d11      8%          4

Your spell library contained the following spells:

 Spells                   Type           Power      Damage    Failure   Level
 Foxfire                  Conj/Fire      100%       2x1d9     1%          1
 Slow                     Hex            100%       N/A       1%          1
 Dazzling Flash           Conj/Hex       72%        N/A       2%          3
 Static Discharge         Conj/Air       25%        3-7/arc   3%          2
 Confusing Touch          Hex            28%        N/A       4%          3
 Conjure Flame            Conj/Fire      25%        6-21      6%          3
 Inner Flame              Hex/Fire       17%        N/A       13%         3
 Cause Fear               Hex            14%        N/A       16%         4
 Flame Wave               Conj/Fire      25%        2d8       21%         4
 Iskenderun's Mystic Bla  Conj/Tloc      25%        2d7       21%         4
 Vampiric Draining        Necr           6%         2d6       32%         3
 Lightning Bolt           Conj/Air       12%        1d26      50%         5
 Discord                  Hex            14%        N/A       100%        8
 Maxwell's Capacitive Co  Air            3%         ∞         100%        8


Dungeon Overview and Level Annotations

Branches:
Dungeon (6/15)
 Temple: D:4-7

Altars:
Trog

Annotations:
D:4 centaur
D:6 2 transporters


Innate Abilities, Weirdness & Mutations

You are immune to sickness and miasma.
Your stone body is resilient. (AC +6)
You are immune to poison.
You resist negative energy. (rN+)
You are resistant to electric shocks. (rElec)
You are resistant to unholy torment.
You are immune to petrification.


Message History

There is an open door here.
There is an open door, spattered with blood here.
You see here a +1 mace of holy wrath.
There is an open door, spattered with blood here.
An acid dragon comes into view.
Casting: Magic Dart (safe; 1% risk of failure)
Confirm with . or Enter, or press ? or * to list all spells.
Aiming: Fulminant Prism (dangerous; 8% risk of failure)
Press: ? - help, Dir - move target You conjure a prism of explosive energy!
A fulminant prism comes into view.
The acid dragon spits acid at you. The splash of acid hits you!
The acid corrodes you!
Your fulminant prism crackles loudly.
Casting: Fulminant Prism (dangerous; 8% risk of failure)
Confirm with . or Enter, or press ? or * to list all spells.
Aiming: Fulminant Prism (dangerous; 8% risk of failure)
Press: ? - help, Dir - move target You conjure a prism of explosive energy!
A fulminant prism comes into view.
Your fulminant prism explodes!
The blast of energy engulfs the acid dragon!
The acid dragon is moderately wounded.
You hear a shout!
Your fulminant prism crackles loudly.
Your fulminant prism explodes!
The blast of energy engulfs the acid dragon!
The acid dragon is almost dead.
Casting: Fulminant Prism (dangerous; 8% risk of failure)
Confirm with . or Enter, or press ? or * to list all spells.
Aiming: Fulminant Prism (dangerous; 8% risk of failure)
Press: ? - help, Dir - move target You conjure a prism of explosive energy!
A fulminant prism comes into view.
The acid dragon spits acid at you. The splash of acid hits you!
The acid corrodes you! The acid dragon spits acid at you.
The splash of acid hits you!!
Ouch! That really hurt!
You die...

#...########..#
####..............
##..##.............
#...########..##...
##..##...###..##...
#.......#....#....
#####...'..).'....
#<.##...##...##...
#@).....##...##...
#..#######...###'.
#..##...##...##...
#.*#....#..)......
#D.#....#........[
#.###...###..##..#
#'###...#######...
......................©.
#......................######


You could see an acid dragon (catching breath, ally target) and a friendly
fulminant prism.

Vanquished Creatures
  Grinder (D:6)
  A water moccasin (D:6)
  An ice beast (D:6)
  2 black bears (D:5)
  3 ogres
  A centaur (D:6)
  2 phantoms (D:5)
  2 kobold brigands
  A bullfrog (D:6)
  A gnoll sergeant (D:6)
  2 scorpions
  A howler monkey (D:5)
  2 hounds
  3 orc priests (D:5)
  A gnoll bouda (D:5)
  3 iguanas (D:5)
  An orc wizard (D:6)
  19 gnolls
  8 adders
  A white imp (D:5)
  A worm (D:5)
  A dart slug (D:1)
  16 orcs
  9 endoplasms
  2 giant cockroaches
  4 goblins
  10 hobgoblins
  3 quokkas
  11 ball pythons
  2 bats
  4 frilled lizards
  9 kobolds
  3 rats
131 creatures vanquished.

Vanquished Creatures (others)
  A bush (D:6)
  18 fulminant prisms (D:6)
19 creatures vanquished.

Grand Total: 150 creatures vanquished

Notes
Turn   | Place    | Note
-------+----------+-------------------------------------------
     0 | D:1      | Luthien the Gargoyle Conjurer began the quest for the Orb.
     0 | D:1      | Reached XP level 1. HP: 10/10 MP: 3/3
   378 | D:1      | Reached XP level 2. HP: 15/15 MP: 1/5
   674 | D:1      | Learned a level 2 spell: Searing Ray
  1720 | D:2      | Reached XP level 3. HP: 20/20 MP: 4/6
  1793 | D:2      | Reached skill level 1 in Fighting
  2464 | D:2      | Found a faded altar of an unknown god.
  2712 | D:3      | Reached XP level 4. HP: 20/25 MP: 1/7
  3498 | D:3      | Reached skill level 5 in Conjurations
  3919 | D:4      | Reached XP level 5. HP: 30/30 MP: 1/9
  4452 | D:4      | Noticed a centaur
  4459 | D:4      | Noticed a kobold brigand
  4588 | D:4      | Noticed an ogre
  4592 | D:4      | Killed an ogre
  4593 | D:4      | Reached XP level 6. HP: 37/37 MP: 4/11
  4730 | D:4      | Learned a level 4 spell: Fulminant Prism
  4755 | D:5      | Entered Level 5 of the Dungeon
  5358 | D:5      | Reached skill level 1 in Hexes
  5424 | D:5      | Noticed a black bear
  5442 | D:5      | Reached skill level 6 in Conjurations
  5442 | D:5      | Reached XP level 7. HP: 39/42 MP: 4/12
  6006 | D:5      | Reached XP level 8. HP: 48/48 MP: 6/14
  6502 | D:5      | Reached skill level 5 in Fighting
  6747 | D:5      | Reached skill level 7 in Conjurations
  7075 | D:6      | Found a transporter.
  7101 | D:6      | Reached skill level 5 in Spellcasting
  7384 | D:6      | Noticed a two-headed ogre
  7384 | D:6      | Found a bloodstained altar of Trog.
  7384 | D:6      | Found a transporter.
  7386 | D:6      | Noticed a cyclops
  8004 | D:6      | Reached XP level 9. HP: 55/55 MP: 6/17
  8656 | D:6      | Noticed Grinder
  8668 | D:6      | Killed Grinder
  8669 | D:6      | Reached skill level 8 in Conjurations
  8819 | D:6      | Killed from afar by an acid dragon

Illustrated notes

Levels and vault maps discovered:
D:1:      dpeg_arrival_boxes_within_box, layout_loops_ring, glass_columns_a,
          kennysheep_pointless_box, minmay_tetromino_l4
D:2:      layout_loops_ring, chequers_ecumenical_altar_simple,
          minmay_misc_feat_doors, nrook_loot_triangle, minmay_misc_feat_rows
D:3:      layout_basic, grunt_ministairs_4
D:4:      layout_loops_ring
D:5:      layout_basic
D:6:      layout_gridville, gammafunk_temple_overflow_arena,
          kb_lookout_dungeons_type, uniq_grinder

Skill      XL: |  1  2  3  4  5  6  7  8  9 |
---------------+----------------------------+-----
Fighting       | 1 2 3 4 5 |  5.8
Dodging        | 2 |  2.0
Stealth        | 3 |  3.0
Conjurations   | 5 6 7 8 |  8.1
Spellcasting   | 3 4 5 6 |  6.0
Hexes          | 1 2 4 |  4.7

Action                   |  1- 3 |  4- 6 |  7- 9 || total
-------------------------+-------+-------+-------++-------
Melee: Short sword       |    30 |     3 |     7 ||    40
       Club              |     2 |       |       ||     2
 Cast: Magic Dart        |    44 |    24 |    57 ||   125
       Searing Ray       |    17 |    31 |    43 ||    91
       Fulminant Prism   |       |       |    19 ||    19
Evoke: Wand              |       |     6 |       ||     6
  Use: Scroll            |       |     6 |       ||     6
Armor: Robe              |     4 |       |       ||     4
       Leather armour    |    24 |     8 |    20 ||    52
Dodge: Dodged            |    34 |    26 |    37 ||    97
